 Dungeon Crawl Stone Soup version 0.28.0-53-g5a82cb258f (webtiles) character file.

Game seed: 6736028127631041935

1299 Zeld the Chucker (level 8, 0/78 HPs)
             Began as a Troll Hunter on May 24, 2022.
             Was an Initiate of Okawaru.
             Slain by a killer bee (2 damage)
             ... on level 7 of the Dungeon.
             The game lasted 00:06:47 (4605 turns).

Zeld the Chucker (Troll Hunter)                     Turns: 4605, Time: 00:06:48

Health: 0/78       AC:  5    Str: 23    XL:     8   Next: 31%
Magic:  7/7        EV: 25    Int:  7    God:    Okawaru [......]
Gold:   206        SH:  0    Dex: 10    Spells: 7/7 levels left

rFire   . . .      SeeInvis .   j - +0 morningstar (venom)
rCold   . . .      Faith    .   (no shield)
rNeg    . . .      Spirit   .   b - +0 robe
rPois   .          Reflect  .   (helmet restricted)
rElec   .          Harm     .   i - +0 cloak
rCorr   .          Rampage  .   (gloves unavailable)
Will    .....                   (boots unavailable)
Stlth   ++........              h - amulet of the acrobat
HPRegen 1.03/turn               (no ring)
MPRegen 0.10/turn               (no ring)

@: acrobatic
A: large, unfitting armour, claws 3, regeneration 1, shaggy fur 1, tough skin 1
a: Renounce Religion


You were on level 7 of the Dungeon.
You worshipped Okawaru.
Okawaru was noncommittal.
You visited 2 branches of the dungeon, and saw 8 of its levels.
You also visited: Ossuary.

You collected 206 gold pieces.

Inventory:

Hand Weapons
 j - a +0 morningstar of venom (weapon)
Missiles
 c - 5 large rocks (quivered)
 d - a throwing net
 u - 6 boomerangs
 w - a boomerang of dispersal
Armour
 b - a +0 robe (worn)
 i - a +0 cloak (worn)
Jewellery
 h - an amulet of the acrobat (around neck)
 r - a ring of protection from cold
 y - an amulet of regeneration
Wands
 A - a wand of iceblast (10)
Scrolls
 a - 3 scrolls of teleportation {unknown}
 e - 2 scrolls of identify {unknown}
 g - 3 scrolls of magic mapping {unknown}
 l - a scroll of fog {unknown}
 n - a scroll of holy word {unknown}
 o - a scroll of amnesia {unknown}
 p - a scroll of acquirement {unknown}
 t - 2 scrolls of blinking {unknown}
 v - a scroll of enchant weapon {unknown}
Potions
 f - a potion of attraction {unknown}
 k - 2 potions of ambrosia {unknown}
 m - a potion of lignification {unknown}
 q - a potion of haste {unknown}
 s - a potion of berserk rage {unknown}
 z - 2 potions of curing {unknown}


   Skills:
 + Level 3.7 Fighting
 * Level 6.4 Throwing
 + Level 3.7 Dodging
 + Level 2.5 Stealth
 * Level 3.7 Unarmed Combat


You had 7 spell levels left.
You didn't know any spells.
Your spell library was empty.

Dungeon Overview and Level Annotations

Branches:
Dungeon (6/15)             Temple (1/1) D:5         Ossuary (visited)

Altars:
Ashenzari
Cheibriados
Dithmenos
Elyvilon
Fedhas
Hepliaklqana
Kikubaaqudgha
Nemelex Xobeh
Okawaru
Qazlal
Ru
Sif Muna
Trog
Uskayaw
Vehumet
Wu Jian
Xom
Yredelemnul
The Shining One

Shops:
D:5 [


Innate Abilities, Weirdness & Mutations

You are too large for most types of armour.
You have claws for hands.
Your natural rate of healing is unusually fast.
You are covered in fur. (AC +1)
You have tough skin. (AC +1)


Message History

You miss the killer bee.
The killer bee is heavily wounded.
You feel sick.
The killer bee stings you but does no damage. x2
The killer bee stings you.
* * * LOW HITPOINT WARNING * * *
Unknown command.
You puncture the killer bee!
You kill the killer bee!
Okawaru accepts your kill.
You feel sick. The killer bee barely misses you. The killer bee stings you.
* * * LOW HITPOINT WARNING * * *
You are more poisoned.
The killer bee poisons you!
You miss the killer bee.
You feel very sick. The killer bee stings you.
* * * LOW HITPOINT WARNING * * *
The killer bee stings you but does no damage.
The killer bee closely misses you.
Unknown command.
You are too injured to fight recklessly!
You don't know any spells.
Unknown command.
You feel sick. The killer bee closely misses you.
You feel sick.
You feel sick. The killer bee barely misses you.
You feel sick. The killer bee completely misses you.
You feel sick. The killer bee stings you.
* * * LOW HITPOINT WARNING * * *
* * * LOW HITPOINT WARNING * * *
You feel sick. The killer bee barely misses you.
You see here 19 stones.
It was a potion of cancellation.
You feel magically purged.
You feel sick.
You are no longer poisoned.
The killer bee stings you but does no damage.
The killer bee closely misses you.
Okay, then.
The killer bee stings you.
You die...

### ..# #.#
#.# ..# #.#
#.# #@# #y#
#.#####y#
......o.#
#.#####.#
###.#####.#
......o...#
###.#######


You could see 2 killer bees and an orc.

Vanquished Creatures
  An ice beast (D:5)
  A necrophage (D:6)
  A wyvern zombie (D:5)
  5 scorpions
  A killer bee (D:7)
  2 howler monkeys
  A centaur zombie (D:5)
  2 jellies
  A bullfrog zombie (D:5)
  Crazy Yiuf (D:2)
  A centaur skeleton (D:6)
  3 orc priests
  3 hounds
  An orc wizard (D:3)
  2 iguanas
  2 hound skeletons (D:4)
  A mummy (Ossuary)
  8 adders
  2 ufetubi
  4 worms
  2 dart slugs
  7 orcs
  5 bats
  11 endoplasms
  A giant cockroach (D:1)
  6 goblins
  7 hobgoblins
  5 quokkas
  3 ball pythons
  2 frilled lizards
  3 kobolds (D:2)
  3 rats
98 creatures vanquished.

Vanquished Creatures (others)
  2 withered plants (Ossuary)
2 creatures vanquished.

Grand Total: 100 creatures vanquished

Notes
Turn   | Place    | Note
-------+----------+-------------------------------------------
     0 | D:1      | Zeld the Troll Hunter began the quest for the Orb.
     0 | D:1      | Reached XP level 1. HP: 19/19 MP: 0/0
   304 | D:1      | Reached XP level 2. HP: 25/28 MP: 1/1
   717 | D:2      | Reached skill level 4 in Throwing
   717 | D:2      | Reached XP level 3. HP: 35/35 MP: 2/2
   859 | D:2      | Noticed a scorpion
   867 | D:2      | Reached skill level 1 in Stealth
   998 | D:2      | Killed a scorpion
   999 | D:2      | Reached XP level 4. HP: 42/42 MP: 3/3
  1127 | D:2      | Found a faded altar of an unknown god.
  1360 | D:2      | Found a runed translucent door.
  1361 | D:2      | Noticed Crazy Yiuf
  1555 | D:2      | Killed Crazy Yiuf
  1556 | D:2      | Reached XP level 5. HP: 29/50 MP: 4/4
  1717 | D:3      | Found a broken altar of Ashenzari.
  1943 | D:3      | Reached skill level 5 in Throwing
  1943 | D:3      | Reached XP level 6. HP: 37/59 MP: 5/5
  2795 | D:4      | Reached skill level 1 in Unarmed Combat
  2802 | D:4      | Reached XP level 7. HP: 39/67 MP: 6/6
  3242 | D:5      | Entered Level 5 of the Dungeon
  3250 | D:5      | Found Mabuof's Armour Emporium.
  3250 | D:5      | Found a sand-covered staircase.
  3261 | Ossuary  | Entered an ossuary
  3746 | D:5      | Found a snail-covered altar of Cheibriados.
  3765 | D:5      | Reached skill level 6 in Throwing
  3916 | D:5      | Found a hazy altar of Hepliaklqana.
  3971 | D:5      | Found a staircase to the Ecumenical Temple.
  3988 | Temple   | Entered the Ecumenical Temple
  4102 | Temple   | Became a worshipper of Warmaster Okawaru
  4350 | D:6      | Reached XP level 8. HP: 65/75 MP: 7/7
  4566 | D:6      | You fall into a shaft and drop 1 floor!
  4602 | D:7      | HP: 1/78 [killer bee (5)]
  4605 | D:7      | Slain by a killer bee

Illustrated notes

Levels and vault maps discovered:
D:1:      minmay_arrival_shoal_huts, layout_loops_cross,
          nicolae_figureground_sparkle
D:2:      layout_basic, shapermc_ecumenical_altar_mp_highgroup,
          uniq_crazy_yiuf_cottage
D:3:      layout_basic, ashenzari_altar_1, st_stairs_8
D:4:      layout_loops_corners
D:5:      layout_cave_pools, mainiacjoe_overflow_boulevard,
          nicolae_hepliaklqana_hazy_memory, minmay_temple_entry_proselytizer,
          nicolae_ossuary_entry_ruins, serial_shops, nicolae_shop_trees
D:6:      layout_gridville, st_stairs_7, hangedman_decor_peaks_small,
          minmay_holes, kennysheep_small_circle, uniq_blork_the_orc
D:7:      layout_loops_ring, kennysheep_opposing_triangles
Temple:   minmay_temple_bridge_d

Skill      XL: |  1  2  3  4  5  6  7 |
---------------+----------------------+-----
Throwing       | 4 5 6 |  6.4
Dodging        | 2 3 |  3.7
Fighting       | 2 3 |  3.7
Stealth        | 1 2 |  2.5
Unarmed Combat | 1 3 |  3.7

Action                   |  1- 3 |  4- 6 |  7- 9 || total
-------------------------+-------+-------+-------++-------
Melee: Unarmed           |    91 |    32 |       ||   123
       Quarterstaff      |       |   114 |    38 ||   152
       Morningstar       |       |       |    92 ||    92
       Punch             |       |       |     5 ||     5
Throw: Large rock        |    11 |    13 |     3 ||    27
       Throwing net      |     2 |       |       ||     2
  Use: Potion            |       |       |     1 ||     1
 Stab: Sleeping          |     1 |     5 |       ||     6
       Held in net/web   |     1 |       |       ||     1
       Distracted        |       |       |     1 ||     1
Armor: Robe              |    44 |    51 |    67 ||   162
Dodge: Dodged            |    64 |    99 |   142 ||   305
